 Dungeon Crawl Stone Soup version 0.27.1-34-g3ba077fa99 (webtiles) character file.

Game seed: 8250448522779144159

1889 comborobin the Covert (level 8, -1/58 HPs)
             Began as a Vampire Delver on Jan 6, 2022.
             Was a Follower of Cheibriados.
             Slain by Harold (16 damage)
             ... on level 7 of the Dungeon.
             The game lasted 00:12:54 (7057 turns).

comborobin the Covert (Vampire Delver)              Turns: 7057, Time: 00:12:55

Health: -1/58      AC:  7    Str: 16    XL:     8   Next: 92%
Magic:  0/9        EV: 12    Int: 16    God:    Cheibriados [*.....]
Gold:   310        SH:  0    Dex: 19    Spells: 6/9 levels left

rFire    . . .     SeeInvis +   n - +1 dagger (venom)
rCold    . . .     Faith    .   (no shield)
rNeg     . . .     Spirit   .   s - +0 ring mail
rPois    .         Reflect  .   h - +0 helmet
rElec    .         Harm     .   a - scarf {repulsion}
rCorr    .         Rampage  .   (no gloves)
Will     .....                  j - +0 pair of boots
Stlth    ++++......             (no amulet)
HPRegen  0.39/turn              (no ring)
MPRegen  0.11/turn              (no ring)

@: marked, healing quickly, studying Throwing, repel missiles, very slow
A: alive, fangs 3, see invisible, vampiric 2, thin skeletal structure 1, strong
1, wild magic 1, MP-powered wands
a: Exsanguinate, Renounce Religion, Bend Time


You were on level 7 of the Dungeon.
You worshipped Cheibriados.
Cheibriados was aware of your devotion.
You visited 2 branches of the dungeon, and saw 9 of its levels.

You collected 310 gold pieces.

Inventory:

Hand Weapons
 n - a +1 dagger of venom (weapon)
Missiles
 t - 16 poisoned darts (quivered)
Armour
 a - a scarf of repulsion (worn)
 c - the +6 chain mail of Zin's Reproof {Int+3}
   (You found it on level 8 of the Dungeon)

   Int:       It affects your intelligence (+3).
 h - a +0 helmet (worn)
 j - a +0 pair of boots (worn)
 s - a +0 ring mail (worn)
Jewellery
 m - a +6 ring of strength
 o - a +4 ring of protection
Wands
 f - a wand of digging (3)
Scrolls
 b - 2 scrolls of fog
 q - 3 scrolls of identify
 w - a scroll of amnesia {unknown}
Potions
 k - a potion of flight
 r - 3 potions of degeneration


   Skills:
 + Level 3.1 Fighting
 * Level 2.4 Short Blades
 + Level 7.2 Throwing
 - Level 1.4 Armour
 - Level 2.8 Dodging
 * Level 8.3 Stealth
 + Level 6.2 Unarmed Combat
 + Level 1.2 Spellcasting
 + Level 6.8 Hexes
 + Level 2.6 Ice Magic
 * Level 2.0 Invocations


You had 6 spell levels left.
You knew the following spells:

 Your Spells              Type           Power      Damage    Failure   Level
a - Ensorcelled Hibernat  Hex/Ice        40%        N/A       13%         2
b - Foxfire               Conj/Fire      4%         2x1d4     47%         1

Your spell library contained the following spells:

 Spells                   Type           Power      Damage    Failure   Level
 Corona                   Hex            32%        N/A       4%          1
 Tukima's Dance           Hex            29%        N/A       12%         3
 Inner Flame              Hex/Fire       15%        N/A       38%         3
 Animate Skeleton         Necr           2%         N/A       47%         1
 Pain                     Necr           4%         1d4       47%         1
 Conjure Flame            Conj/Fire      1%         6-21      83%         3
 Vampiric Draining        Necr           0%         2d6       83%         3


Dungeon Overview and Level Annotations

Branches:
Dungeon (8/15)             Temple (1/1) D:5            Lair (0/6) D:8

Altars:
Ashenzari
Cheibriados
Dithmenos
Elyvilon
Fedhas
Gozag
Nemelex Xobeh
Okawaru
Ru
Sif Muna
Trog
Uskayaw
Vehumet
Wu Jian
Xom
Zin
The Shining One

Shops:
D:1 [

Annotations:
D:4 3 runed translucent doors, Fractals's ghost, amateur TrWn
D:7 Harold


Innate Abilities, Weirdness & Mutations

Your natural rate of healing is accelerated.
You have razor-sharp teeth.
You have supernaturally acute eyesight. (SInv)
You are afflicted with vampirism and can become a bat while bloodless.
You have a somewhat thin skeletal structure. (Dex +2, Stealth+)
Your muscles are strong. (Str +2)
Your spells are a little harder to cast, but a little more powerful.
You expend magic power (3 MP) to strengthen your wands.


Message History

Harold resists with almost no effort.
Unknown command.
Unknown command.
Casting: Ensorcelled Hibernation (safe; 13% risk of failure)
Confirm with . or Enter, or press ? or * to list all spells.
Aiming: Ensorcelled Hibernation (safe; 13% risk of failure)
Press: ? - help, Shift-Dir - straight line, f/p - Harold
Aim: Harold, wielding a +0 scimitar and wearing a +3 scale mail of poison resistance (chance to affect: 18%) Harold resists with almost no effort.
Harold fires a harpoon shot at you. The harpoon shot hits you!
You are yanked forward by the harpoon shot.
Unknown command.
Okay, then.
Okay, then.
Okay, then.
Okay, then.
Okay, then.
Okay, then.
Harold hits you with a +0 scimitar.
Casting: Ensorcelled Hibernation (safe; 13% risk of failure)
Confirm with . or Enter, or press ? or * to list all spells.
Aiming: Ensorcelled Hibernation (safe; 13% risk of failure)
Press: ? - help, Shift-Dir - straight line, f/p - Harold
Aim: Harold, wielding a +0 scimitar and wearing a +3 scale mail of poison resistance (chance to affect: 18%) Harold resists with almost no effort.
Harold hits you with a +0 scimitar!
Unknown command.
Okay, then.
Okay, then.
Okay, then.
Okay, then.
As you read the scroll labelled OSOKOEN TEELALA, it crumbles to dust.
Your body is wracked with pain!
* * * LOW HITPOINT WARNING * * *
Harold convulses!
It was a scroll of torment.
Harold barely misses you.
As you read the scroll labelled PUOTYN LOTRE, it crumbles to dust.
It is a scroll of enchant weapon.
Your +0 dagger of venom glows red for a moment.
Harold hits you with a +0 scimitar!
You die...

###.♣♣♣♣ #
#...... #.
#.#...
#..##.#..
.......#
.###.#.#.#
.........#
####.##@)#
#..@..##
##.....#######
#.#.>........
#.#...#.##.##
#.#.....#
#.##..### #.
#..# .. .)..
####


You could see Harold.

Vanquished Creatures
  A water moccasin (D:5)
  2 orc warriors
  4 ogres
  2 centaurs
  A phantom (D:4)
  6 scorpions
  A gnoll sergeant (D:3)
  A wyvern skeleton (D:4)
  A water moccasin skeleton (D:5)
  A howler monkey (D:8)
  A bullfrog zombie (D:6)
  2 jellies
  An orc priest (D:7)
  A centaur skeleton (D:6)
  2 iguanas
  An orc wizard (D:8)
  Robin (D:4)
  7 adders
  3 gnolls
  A howler monkey skeleton (D:6)
  A shadow imp (D:4)
  4 white imps
  An ufetubus (D:6)
  An adder skeleton (D:4)
  2 dart slugs
  12 orcs
  9 ball pythons
  4 bats
  6 endoplasms
  A giant cockroach (D:2)
  14 goblins
  6 hobgoblins
  5 jackals
  6 kobolds
  5 quokkas
  3 frilled lizards
  8 rats
128 creatures vanquished.

Vanquished Creatures (others)
  4 foxfires (D:6)
  A fungus (D:8)
  A plant (D:8)
6 creatures vanquished.

Grand Total: 134 creatures vanquished

Notes
Turn   | Place    | Note
-------+----------+-------------------------------------------
     0 | D:5      | comborobin the Vampire Delver began the quest for the Orb.
     0 | D:5      | Reached XP level 1. HP: 17/17 MP: 1/1
    11 | D:5      | Noticed a scorpion
    16 | D:5      | Noticed an iguana
    22 | D:6      | Found a sacrificial altar of Ru.
   105 | D:4      | Noticed a gnoll sergeant
   126 | D:4      | Noticed a scorpion
   278 | D:3      | Reached XP level 2. HP: 14/23 MP: 2/2
   693 | D:3      | Gained mutation: You are afflicted with vampirism and can
                  | become a bat while bloodless. [Vampire growth]
   693 | D:3      | Reached XP level 3. HP: 22/28 MP: 3/3
  1706 | D:1      | Found Cuitizy's Armour Emporium.
  1809 | D:1      | Reached XP level 4. HP: 30/34 MP: 4/4
  2147 | D:1      | Found a faded altar of an unknown god.
  2239 | D:1      | Reached skill level 5 in Unarmed Combat
  3444 | D:3      | Killed a gnoll sergeant
  3445 | D:3      | Reached XP level 5. HP: 20/39 MP: 5/5
  3703 | D:4      | Found a runed translucent gate.
  3704 | D:4      | Found a runed translucent gate.
  3711 | D:4      | Found a runed translucent gate.
  3712 | D:4      | Noticed Fractals's ghost (amateur TrWn)
  3876 | D:4      | Reached skill level 5 in Throwing
  3876 | D:4      | Reached XP level 6. HP: 46/46 MP: 6/6
  4050 | D:4      | Noticed Robin
  4055 | D:4      | Killed Robin
  4443 | D:4      | Reached XP level 7. HP: 45/51 MP: 7/7
  4561 | D:5      | Reached skill level 1 in Armour
  4712 | D:5      | Learned a level 2 spell: Ensorcelled Hibernation
  4748 | D:5      | Found a staircase to the Ecumenical Temple.
  4908 | Temple   | Entered the Ecumenical Temple
  5092 | Temple   | Became a worshipper of Cheibriados the Contemplative
  5134 | Temple   | Gained mutation: You are clumsy. (Dex -2) [potion of
                  | mutation]
  5134 | Temple   | Gained mutation: Your muscles are strong. (Str +2) [potion
                  | of mutation]
  5134 | Temple   | Gained mutation: You tend to lose your temper in combat.
                  | [potion of mutation]
  5134 | Temple   | Gained mutation: You expend magic power (3 MP) to
                  | strengthen your wands. [potion of mutation]
  5315 | D:5      | Reached skill level 5 in Hexes
  5318 | D:5      | Reached XP level 8. HP: 57/57 MP: 8/8
  5371 | D:5      | Found an ornate altar of the Wu Jian Council.
  5753 | D:6      | Reached skill level 1 in Ice Magic
  5890 | D:6      | Found an opulent altar of Gozag.
  5909 | D:6      | Found a blossoming altar of Fedhas.
  5924 | D:6      | Found a hide-covered altar of Uskayaw.
  6054 | D:6      | Lost mutation: You are clumsy. (Dex -2) [potion of
                  | mutation]
  6054 | D:6      | Lost mutation: You tend to lose your temper in combat.
                  | [potion of mutation]
  6054 | D:6      | Gained mutation: You have a somewhat thin skeletal
                  | structure. (Dex +2, Stealth+) [potion of mutation]
  6054 | D:6      | Gained mutation: Your spells are a little harder to cast,
                  | but a little more powerful. [potion of mutation]
  6091 | D:6      | Reached skill level 1 in Short Blades
  6091 | D:6      | Reached skill level 1 in Invocations
  6166 | D:6      | Reached * piety under Cheibriados
  6170 | D:6      | Learned a level 1 spell: Foxfire
  6369 | D:6      | You fall into a shaft and drop 2 floors!
  6539 | D:7      | Reached skill level 8 in Stealth
  6572 | D:7      | Noticed Harold
  6618 | D:7      | Reached skill level 1 in Spellcasting
  6712 | D:8      | Identified the +6 chain mail of Zin's Reproof {Int+3}
  7057 | D:7      | Slain by Harold

Illustrated notes

Levels and vault maps discovered:
D:1:      mrwooster_arrival_arrow, layout_basic, serial_shops,
          nicolae_shop_crystal, dilly_ecumenical_altar_fadedgnrine,
          minmay_hedge_maze, roderic_lattice_a
D:2:      layout_loops_cross, minmay_misc_feat_rows
D:3:      layout_basic, minmay_misc_feat_x
D:4:      layout_cave_pools, cheibrodos_sewer_entry_sluice,
          ebering_ghost_rock_garden, st_stairs_1, uniq_robin
D:5:      layout_cave_pools, nzn_wu_jian_council_hall, minmay_temple_entry_fiery
D:6:      layout_rooms, nicolae_ru_sacrificial_ziggurat,
          gammafunk_temple_overflow_forgotten, minmay_checkerbox
D:7:      layout_loops_cross, kennysheep_vampire_church,
          mainiacjoe_overflow_paths, bh_walls_and_bars, uniq_harold
D:8:      layout_gridville, nicolae_qazlal_eye_of_the_storm,
          grunt_lair_entry_orc_guard_hut, minmay_misc_feat_pillars,
          chequers_serial_rivers_micro_c
Temple:   minmay_temple_bridge_abc

Skill      XL: |  1  2  3  4  5  6  7  8 |
---------------+-------------------------+-----
Unarmed Combat | 3 4 5 6 |  6.2
Throwing       | 2 5 6 7 |  7.2
Armour         | 1 |  1.4
Hexes          | 5 6 |  6.8
Ice Magic      | 2 |  2.6
Short Blades   | 2 |  2.4
Invocations    | 2 |  2.0
Fighting       | 3 |  3.1
Stealth        | 8 |  8.3
Spellcasting   | 1 |  1.2
Dodging        | |  2.8

Action                   |  1- 3 |  4- 6 |  7- 9 || total
-------------------------+-------+-------+-------++-------
Melee: Unarmed           |   158 |   141 |   126 ||   425
       Bite              |    18 |     9 |    19 ||    46
       Punch             |     1 |     4 |     7 ||    12
       Dagger            |       |       |    19 ||    19
Throw: Dart              |       |    36 |    22 ||    58
       Javelin           |       |     1 |     2 ||     3
 Cast: Ensorcelled Hiber |       |       |    15 ||    15
       Foxfire           |       |       |     2 ||     2
  Use: Potion            |     2 |     1 |    13 ||    16
       Scroll            |     2 |       |     8 ||    10
 Stab: Sleeping          |     8 |     8 |     8 ||    24
       Distracted        |       |     1 |       ||     1
Armor: Leather armour    |    44 |     9 |       ||    53
       Ring mail         |       |    49 |    53 ||   102
       Skin              |       |       |     2 ||     2
Dodge: Dodged            |   104 |    72 |    87 ||   263
       Repelled          |       |       |     5 ||     5
